 Dungeon Crawl Stone Soup version 0.29-a0-887-gcbe080d7e0 (webtiles) character file.

Game seed: 14424840926460061552

47 concernfroge the Trooper (level 3, -1/31 HPs)
             Began as a Mummy Monk on July 21, 2022.
             Killed from afar by Ijyb (20 damage)
             ... with a bolt of acid
             ... on level 3 of the Dungeon.
             The game lasted 00:04:58 (1711 turns).

concernfroge the Trooper (Mummy Monk)               Turns: 1711, Time: 00:04:59

Health: -1/31      AC:  6    Str: 16    XL:     3   Next: 48%
Magic:  3/3        EV: 15    Int:  9    God:
Gold:   141        SH:  0    Dex: 14    Spells: 2/2 levels left

rFire   x . .      SeeInvis .   f - +0 trident
rCold   + + .      Faith    .   (no shield)
rNeg    + + +      Spirit   .   p - +2 ring mail "Ydys" {rC+ Will+ Regen+}
rPois   ∞          Reflect  .   o - +2 helmet
rElec   .          Harm     .   (no cloak)
rCorr   .          Rampage  .   (no gloves)
Will    +....                   (no boots)
Stlth   +.........              (no amulet)
HPRegen 0.90/turn               e - +4 ring of evasion
MPRegen 0.08/turn               (no ring)

@: corroded
A: cold resistance 1, negative energy resistance 3, torment resistance 2, heat
vulnerability 1, in touch with death 1, no potions
a: no special abilities


You were on level 3 of the Dungeon.
You visited 1 branch of the dungeon, and saw 3 of its levels.

You collected 141 gold pieces.

Inventory:

Hand Weapons
 a - a +0 spear
 f - a +0 trident (weapon)
Armour
 o - a +2 helmet (worn)
 p - the +2 ring mail "Ydys" (worn) {rC+ Will+ Regen+}
   (You found it on level 3 of the Dungeon)

   rC:        It protects you from cold.
   Regen:     It increases your rate of health regeneration.
   Will:      It increases your willpower.
Jewellery
 e - a +4 ring of evasion (left hand)
Wands
 k - a wand of iceblast (1) (quivered)
Scrolls
 b - a scroll of immolation {unknown}
 c - a scroll of noise {unknown}
 d - 2 scrolls of identify {unknown}
 g - a scroll of enchant armour {unknown}
 h - a scroll of teleportation {unknown}
 i - a scroll of enchant weapon {unknown}
 j - a scroll of amnesia {unknown}
 l - a scroll of fog {unknown}
 m - a scroll of poison {unknown}
 n - a scroll of vulnerability {unknown}


   Skills:
 + Level 4.5 Fighting
 - Level 2.4 Polearms
 - Level 2.4 Dodging
 - Level 1.5 Stealth


You had 2 spell levels left.
You didn't know any spells.
Your spell library contained the following spells:

 Spells                   Type           Power      Damage    Failure   Level
 Call Canine Familiar     Summ           0%         N/A       93%         3
 Ozocubu's Armour         Ice            0%         N/A       93%         3
 Portal Projectile        Hex/Tloc       0%         N/A       93%         3
 Leda's Liquefaction      Hex/Erth       0%         N/A       100%        4
 Ozocubu's Refrigeration  Ice            0%         4d5       100%        7


Dungeon Overview and Level Annotations

Branches:
Dungeon (3/15)

Altars:

Shops:
D:1 =

Annotations:
D:3 Ijyb


Innate Abilities, Weirdness & Mutations

You are immune to poison.
Your flesh is cold resistant. (rC+)
You are immune to negative energy. (rN+++)
You are immune to unholy pain and torment.
You are vulnerable to heat. (rF-)
You are in touch with the powers of death.
You do not drink.


Message History

Ijyb and a hobgoblin come into view.
Ijyb is wielding a +0 club and carrying a wand of acid (8).
Found 17 gold pieces.
Ijyb shouts!
You closely miss the hobgoblin.
The hobgoblin shouts!
The hobgoblin closely misses you.
You barely miss the hobgoblin.
The hobgoblin hits you but does no damage.
The hobgoblin hits you. Ijyb screams, "Me stronger than you!"
You puncture the hobgoblin!
You kill the hobgoblin!
You closely miss Ijyb.
Ijyb zaps a wand.
The bolt of acid hits you!
You hit Ijyb but do no damage. Ijyb misses you.
Aiming: Iceblast
Press: ? - help, Shift-Dir - straight line The mass of ice explodes!
The iceblast engulfs Ijyb!
Ijyb is severely wounded.
You hear a shout!
Ijyb hits you with a +0 club.
You barely miss Ijyb.
Ijyb is severely wounded.
Ijyb zaps a wand.
The bolt of acid hits you. The acid corrodes you!
You barely miss Ijyb.
Ijyb is severely wounded.
Ijyb misses you.
Ijyb zaps a wand.
The bolt of acid misses you.
You barely miss Ijyb.
Ijyb is severely wounded.
An endoplasm comes into view.
Ijyb closely misses you.
You barely miss Ijyb.
Ijyb is severely wounded.
The endoplasm quivers.
Ijyb closely misses you.
You hit Ijyb.
Ijyb is severely wounded.
Ijyb zaps a wand.
The bolt of acid hits you!!
Ouch! That really hurt!
You die...

≈≈≈#######...............#
≈≈88.).[....#..###########
..............##
.............##
≈≈88.........#
≈#...<.....### #.........#
##.##.#.#####
........@...#
##.......g.#.....
#..<......# ###
#.>.....J.# #.........#
.....>...$. $#........##
#........#


You could see Ijyb and an endoplasm.

Vanquished Creatures
  An adder (D:2)
  2 dart slugs (D:1)
  5 endoplasms
  3 hobgoblins
  2 quokkas (D:2)
  2 ball pythons
  6 frilled lizards
  A goblin (D:1)
  9 kobolds
  5 rats
36 creatures vanquished.

Vanquished Creatures (others)
  14 plants (D:1)
14 creatures vanquished.

Grand Total: 50 creatures vanquished

Notes
Turn   | Place    | Note
-------+----------+-------------------------------------------
     0 | D:1      | concernfroge the Mummy Monk began the quest for the Orb.
     0 | D:1      | Reached XP level 1. HP: 18/18 MP: 1/1
   281 | D:1      | Reached XP level 2. HP: 24/24 MP: 2/2
   493 | D:1      | Found Baiblif's Jewellery Boutique.
   680 | D:1      | Reached skill level 4 in Fighting
  1170 | D:2      | Gained mutation: You are in touch with the powers of death.
                  | [Mummy growth]
  1170 | D:2      | Reached XP level 3. HP: 30/30 MP: 3/3
  1479 | D:2      | Found a faded altar of an unknown god.
  1680 | D:3      | Identified the +2 ring mail "Ydys" {rC+ Will+ Regen+}
  1699 | D:3      | Noticed Ijyb
  1711 | D:3      | Killed from afar by Ijyb

Illustrated notes

Levels and vault maps discovered:
D:1:      scummos_arrival_hexagon, layout_basic, serial_shops,
          nicolae_shop_advertising_works [nicolae_subvault_shop_adworks],
          lexackson_kobold_supper
D:2:      layout_rooms, ebering_ecumenical_altar_webs, small_statue_intersection
D:3:      wander_river, layout_rooms, okawaru_gym_becter, gammafunk_ghost_smash,
          uniq_ijyb

Skill      XL: |  1  2 |
---------------+-------+-----
Fighting       | 4 |  4.5
Polearms       | |  2.4
Dodging        | |  2.4
Stealth        | |  1.5

Action                   || total
-------------------------++-------
Melee: Spear             ||    57
       Trident           ||    51
Evoke: Wand              ||     1
 Stab: Sleeping          ||     4
       Distracted        ||     1
Armor: Robe              ||     9
       Ring mail         ||     3
       Chain mail        ||     2
Dodge: Dodged            ||    39

Table legend: (Time is in decaauts)
 A = Elapsed time spent in this place.
 B = Non-inter-level travel time spent in this place.
 C = Inter-level travel time spent in this place.
 D = Time resting spent in this place.
 E = Time spent auto-exploring this place.
 F = Levels seen in this place.
 G = Mean time per level.
                   A        B        C        D        E       F      G
               +--------+--------+--------+--------+--------+-----+--------+
         Total |   1717 |   1629 |     88 |      0 |   1314 |   3 |  572.3 |
       Dungeon |   1717 |   1629 |     88 |      0 |   1314 |   3 |  572.3 |
               +--------+--------+--------+--------+--------+-----+--------+

Top non-repeatable levels by time:
     D:1: 1063 daAuts
     D:2: 509 daAuts
     D:3: 144 daAuts
